[Event "November 21 Late 2023"]
[Site "https://www.chess.com"]
[Date "2023.11.21"]
[Round "10"]
[White "Osmak, Yuliia"]
[Black "Rodriguez Dominguez, Melissa"]
[Result "1-0"]
[Board "63"]
[TimeControl "180+1"]
[WhiteFideId "14101602"]
[BlackFideId "3517560"]
[WhiteElo "2303"]
[BlackElo "2012"]
[WhiteTeam "UKR"]
[BlackTeam "CUB"]
[WhiteClock "0:00:14"]
[BlackClock "0:00:06"]

1. e4 c5 2. Nf3 e6 3. d4 cxd4 4. Nxd4 Nc6 5. Nc3 Qc7 6. g3 a6 7. Bg2 b5 8. O-O Bb7 9. Re1 Rc8 10. a4 b4 11. Nd5 Qa5 12. Nb3 Qd8 13. Be3 exd5 14. exd5 Nce7 15. d6 Bxg2 16. Kxg2 f6 17. Bc5 Kf7 18. Bxb4 Nc6 19. Qd5+ Kg6 20. Bc5 h5 21. Qd3+ Kh6 22. Be3+ g5 23. h4 Ne5 24. Qd5 Ng6 25. Nd4 Bg7 26. Nf5+ Kh7 27. Qf7 Qf8 28. Qxd7 Rd8 29. Qc7 Rc8 30. Qa7 Rxc2 31. hxg5 fxg5 32. Bd4 Nf6 33. Re6 Nf4+ 34. gxf4 gxf4 35. Bxf6 Rg8 36. Nxg7 Rxg7+ 37. Qxg7+ Qxg7+ 38. Bxg7 Kxg7 39. Rd1 Kf7 40. Re4 f3+ 41. Kxf3 Rxb2 42. d7 Rb3+ 43. Kg2 Rb8 44. d8=Q Rxd8 45. Rxd8 1-0

[Event "November 21 Late 2023"]
[Site "https://www.chess.com"]
[Date "2023.11.21"]
[Round "10"]
[White "Pourkashiyan, Atousa"]
[Black "Silvestre, Christian"]
[Result "0-1"]
[Board "64"]
[TimeControl "180+1"]
[WhiteFideId "12502014"]
[BlackFideId "30956269"]
[WhiteElo "2221"]
[BlackElo "2350"]
[WhiteTeam "USA"]
[BlackTeam "USA"]
[WhiteClock "0:00:00"]
[BlackClock "0:00:06"]

1. e4 c5 2. Nf3 d6 3. d4 cxd4 4. Nxd4 Nf6 5. Nc3 g6 6. Bc4 a6 7. O-O b5 8. Bb3 Bb7 9. Nf3 Nbd7 10. Ng5 e6 11. f4 Nc5 12. f5 Nxb3 13. axb3 gxf5 14. exf5 e5 15. Qe2 Rg8 16. Nge4 Nxe4 17. Nxe4 Qh4 18. Re1 Be7 19. g3 Rg4 20. f6 Bxe4 21. Bf4 Bf5 22. Bxe5 dxe5 23. Qxe5 Be6 24. fxe7 Qxe7 25. Qh8+ Qf8 26. Qxh7 Qc5+ 27. Kg2 Qd5+ 28. Kg1 Qd4+ 29. Kg2 O-O-O 30. Rad1 Qxd1 31. Rxd1 Rxd1 32. Qh8+ Rd8 33. Qc3+ Kb7 34. Qf3+ Bd5 35. Qxd5+ Rxd5 0-1

[Event "November 21 Late 2023"]
[Site "https://www.chess.com"]
[Date "2023.11.21"]
[Round "10"]
[White "Koksal, Ege"]
[Black "Todorovic, Bojan"]
[Result "1-0"]
[Board "65"]
[TimeControl "180+1"]
[WhiteFideId "6317626"]
[BlackFideId "917087"]
[WhiteElo "2230"]
[BlackElo "2266"]
[WhiteTeam "TUR"]
[BlackTeam "SRB"]
[WhiteClock "0:00:26"]
[BlackClock "0:00:00"]

1. c4 g6 2. Nc3 Bg7 3. d4 Nf6 4. e4 O-O 5. Nf3 d6 6. Be2 c5 7. O-O Nc6 8. d5 Na5 9. h3 e5 10. Bg5 h6 11. Be3 Kh7 12. Nd2 Nd7 13. a3 b6 14. b4 Nb7 15. Rc1 a6 16. Kh1 Qe7 17. Qc2 Nf6 18. Rb1 Qc7 19. Nb3 Bd7 20. bxc5 Nxc5 21. Nxc5 bxc5 22. Rb3 Rfb8 23. Rfb1 Rxb3 24. Qxb3 Ne8 25. Qb7 Ra7 26. Qxc7 Nxc7 27. Rb6 Bf8 28. Bd1 Be7 29. Ba4 Bxa4 30. Nxa4 Ne8 31. Rb8 Nf6 32. f3 Nh5 33. g4 Nf4 34. Bxf4 exf4 35. Nb6 Bf6 36. Nc8 Rd7 37. Rb6 Be5 38. Rc6 Rb7 39. Nb6 a5 40. a4 h5 41. Kg2 hxg4 42. hxg4 Kh6 43. Nc8 Rb2+ 44. Kf1 Rb3 45. Ke2 Rb2+ 46. Kd1 Rb3 47. Nxd6 Rxf3 48. Nxf7+ Kg7 49. Nxe5 Re3 50. d6 Rxe4 51. d7 Rd4+ 52. Ke2 g5 53. Rc8 1-0

[Event "November 21 Late 2023"]
[Site "https://www.chess.com"]
[Date "2023.11.21"]
[Round "10"]
[White "Skaric, Djuro"]
[Black "Tikhonov, Viacheslav"]
[Result "0-1"]
[Board "66"]
[TimeControl "180+1"]
[WhiteFideId "934569"]
[BlackFideId "44196407"]
[WhiteElo "2282"]
[BlackElo "2191"]
[WhiteTeam "SRB"]
[BlackTeam "RUS"]
[WhiteClock "0:01:23"]
[BlackClock "0:00:05"]

1. g3 g6 2. Bg2 Bg7 3. d3 d5 4. Nf3 Nf6 5. O-O O-O 6. h3 c6 7. Nc3 Re8 8. e4 e5 9. Nd2 Qd6 10. f4 Nh5 11. Ne2 exf4 12. gxf4 Bh6 13. e5 Qc7 14. Nb3 Ng7 15. Ng3 Nf5 16. Nxf5 Bxf5 17. Nd4 Qc8 18. Kh2 a6 19. Nxf5 Qxf5 20. Qg4 Qxg4 21. hxg4 Nd7 22. g5 Bf8 23. d4 Nb6 24. b3 c5 25. Be3 Rac8 26. c4 Red8 27. dxc5 Bxc5 28. Bxc5 Rxc5 29. Rad1 d4 30. Rd3 Rc7 31. Rfd1 Rcd7 32. Kg3 Nc8 33. Bh3 Rc7 34. Rxd4 Rxd4 35. Rxd4 Ne7 36. Rd6 b5 37. Bf1 Nf5+ 38. Kf3 Nxd6 39. exd6 Rc6 40. c5 Rxc5 41. Ke4 Kf8 42. Kd4 Rc1 43. Bg2 Ke8 44. Bb7 a5 45. Ba6 b4 46. Bb5+ Kd8 47. Ke5 Rc2 48. Kf6 Rf2 49. Kxf7 Rxf4+ 50. Kg7 Rf5 51. Kh6 Rxb5 52. Kxh7 Rxg5 0-1

[Event "November 21 Late 2023"]
[Site "https://www.chess.com"]
[Date "2023.11.21"]
[Round "10"]
[White "Sanchez Alvares, Kelvin Antonio"]
[Black "Figorito, Nick"]
[Result "1-0"]
[Board "67"]
[TimeControl "180+1"]
[WhiteFideId "3906680"]
[BlackFideId "30923689"]
[WhiteElo "2217"]
[BlackElo "2376"]
[WhiteTeam "VEN"]
[BlackTeam "USA"]
[WhiteClock "0:01:23"]
[BlackClock "0:00:24"]

1. e4 e6 2. d4 d5 3. exd5 exd5 4. Nf3 Bd6 5. Bd3 Ne7 6. h3 O-O 7. O-O Bf5 8. c3 c6 9. Be3 Nd7 10. Re1 Qc7 11. Qc2 Bxd3 12. Qxd3 h6 13. Nbd2 Rfe8 14. a4 a5 15. Nh4 Nf6 16. Nf5 Nxf5 17. Qxf5 Qd7 18. Qf3 Ne4 19. Nf1 Re6 20. g4 Rae8 21. Qg2 Bc7 22. f3 Nd6 23. Bf2 Nc4 24. b3 Nb6 25. Rxe6 Rxe6 26. Ne3 Nc8 27. Re1 Qe8 28. Qf1 Nd6 29. Ng2 Rxe1 30. Qxe1 Qxe1+ 31. Nxe1 f5 32. Bg3 fxg4 33. hxg4 Ne8 34. Bf2 Kf7 35. Nd3 b6 36. Kf1 g6 37. b4 axb4 38. cxb4 h5 39. gxh5 gxh5 40. Kg2 Ng7 41. Ne5+ Bxe5 42. dxe5 b5 43. a5 Ne6 44. Bb6 Nf4+ 45. Kf1 h4 46. a6 h3 47. Kg1 1-0

[Event "November 21 Late 2023"]
[Site "https://www.chess.com"]
[Date "2023.11.21"]
[Round "10"]
[White "Bugayev, Vladimir"]
[Black "Toniutti, Ezio"]
[Result "1/2-1/2"]
[Board "68"]
[TimeControl "180+1"]
[WhiteFideId "30901480"]
[BlackFideId "113034"]
[WhiteElo "2376"]
[BlackElo "2215"]
[WhiteTeam "USA"]
[BlackTeam "ARG"]
[WhiteClock "0:00:18"]
[BlackClock "0:00:11"]

1. e4 e5 2. Nf3 Nc6 3. d4 exd4 4. Nxd4 Bc5 5. Nb3 Bb6 6. Nc3 Nf6 7. Qe2 d6 8. Be3 Qe7 9. f3 Be6 10. O-O-O Nd7 11. Qd2 O-O 12. Be2 a5 13. Bxb6 Nxb6 14. Nd4 Ne5 15. a4 Rfd8 16. f4 Nec4 17. Bxc4 Nxc4 18. Qe2 Nb6 19. f5 Bd7 20. b3 Qe5 21. Qd3 Re8 22. Nf3 Qc5 23. Kb2 Bc6 24. Rhe1 Qb4 25. Qd4 Re7 26. f6 Qxd4 27. Nxd4 gxf6 28. Nxc6 bxc6 29. Rf1 Kg7 30. Rf4 c5 31. Rdf1 Re6 32. Nb5 Rc8 33. Na7 Rce8 34. Nc6 Ra8 35. Rg4+ Kh8 36. Rf5 c4 37. Rh4 Rg8 38. g3 Rg5 39. Rh5 Rg4 40. Nd8 Re7 41. Rxf6 Rgxe4 42. Nxf7+ Kg7 43. Rhf5 cxb3 44. Ng5 Re2 45. Kxb3 R7e3+ 46. c3 Re1 47. Rf7+ Kg6 48. R7f6+ Kg7 49. Rf7+ Kg6 50. R7f6+ Kg7 1/2-1/2

[Event "November 21 Late 2023"]
[Site "https://www.chess.com"]
[Date "2023.11.21"]
[Round "10"]
[White "Gallegos Diaz, Carlos Alberto"]
[Black "FuenfgegenWilly"]
[Result "1-0"]
[Board "69"]
[TimeControl "180+1"]
[WhiteFideId "3900886"]
[WhiteElo "2362"]
[BlackElo "2473"]
[WhiteTeam "VEN"]
[WhiteClock "0:00:20"]
[BlackClock "0:00:15"]

1. e4 c6 2. Nf3 g6 3. Be2 d5 4. d3 dxe4 5. dxe4 Qxd1+ 6. Bxd1 Nf6 7. Nbd2 Nbd7 8. O-O e5 9. Re1 a5 10. Nc4 Bg7 11. Ncxe5 Nxe5 12. Nxe5 O-O 13. Nc4 Be6 14. Nb6 Ra6 15. Na4 Nd7 16. f3 b5 17. Nc3 b4 18. Na4 Bc4 19. Be2 Bd4+ 20. Kf1 Ne5 21. Bh6 Re8 22. Rad1 c5 23. c3 bxc3 24. bxc3 Rd6 25. cxd4 cxd4 26. Bxc4 Nxc4 27. Nc5 Rc8 28. Nd3 a4 29. Rc1 Rdc6 30. Ke2 a3 31. Red1 g5 32. Bxg5 Rg6 33. Ne5 Rxg5 34. Rxc4 Rxg2+ 35. Kf1 Rxc4 36. Kxg2 Rc2+ 37. Kg3 Rxa2 38. Rxd4 Ra1 39. Ra4 a2 40. Ng4 Rg1+ 41. Kf4 a1=Q 42. Rxa1 Rxa1 43. h4 Kg7 44. h5 h6 45. Kf5 Ra5+ 46. e5 Ra1 47. f4 Rh1 48. Nf6 Rh4 49. Ne8+ Kf8 50. Nf6 Ke7 51. Nd5+ Kf8 52. Nf6 Rh1 53. Nh7+ Kg7 54. Nf6 Ra1 55. Ne8+ Kf8 56. Nf6 Ra6 57. Nd7+ Ke7 58. Nf6 Ra1 59. Ng8+ Kf8 60. Nxh6 Rh1 61. Kg5 Rg1+ 62. Ng4 Rh1 63. h6 Ke7 64. f5 Rh3 65. e6 fxe6 66. f6+ Kf8 67. Kg6 Rh4 68. Ne5 Rh1 69. Nd7+ Ke8 70. f7+ Kxd7 71. f8=Q Rg1+ 72. Kh7 Rg5 73. Qg7+ Rxg7+ 74. hxg7 e5 75. g8=Q Kd6 76. Qg3 Kd5 77. Qe3 e4 78. Kg6 Ke5 79. Kg5 Kd5 80. Kf4 Kd6 81. Qxe4 Kd7 82. Qe5 Kc8 83. Qd6 Kb7 84. Ke5 Ka8 85. Qd7 Kb8 86. Kd6 Ka8 87. Kc6 Kb8 88. Kb6 Ka8 89. Ka6 Kb8 90. Qd8# 1-0

[Event "November 21 Late 2023"]
[Site "https://www.chess.com"]
[Date "2023.11.21"]
[Round "10"]
[White "Rangel, Daniel"]
[Black "Nita, Lucian"]
[Result "1-0"]
[Board "70"]
[TimeControl "180+1"]
[WhiteFideId "2124475"]
[BlackFideId "1206923"]
[WhiteElo "2267"]
[BlackElo "2066"]
[WhiteTeam "BRA"]
[BlackTeam "ROU"]
[WhiteClock "0:01:21"]
[BlackClock "0:01:31"]

1. d4 d6 2. c4 Nf6 3. Nf3 Nbd7 4. Nc3 e5 5. e4 Be7 6. Be2 O-O 7. O-O c6 8. h3 Qe8 9. Re1 Bd8 10. Be3 Ba5 11. Qc2 Bxc3 12. bxc3 exd4 13. cxd4 Qxe4 14. Bd3 Qe8 15. Bg5 Qd8 16. Bxh7+ Kh8 17. Bd3 Re8 18. Qd2 Rxe1+ 19. Rxe1 b6 20. Qf4 Qc7 21. Qh4+ Kg8 22. Re8+ Nf8 23. Bxf6 Bf5 24. Rxa8 Bxd3 25. Be7 1-0

[Event "November 21 Late 2023"]
[Site "https://www.chess.com"]
[Date "2023.11.21"]
[Round "10"]
[White "liwadas82"]
[Black "Cooper, Aaron"]
[Result "0-1"]
[Board "72"]
[TimeControl "180+1"]
[BlackFideId "2634945"]
[WhiteElo "2450"]
[BlackElo "2342"]
[BlackTeam "CAN"]
[WhiteClock "0:00:00"]
[BlackClock "0:00:22"]

1. e4 d5 2. exd5 Qxd5 3. Nc3 Qd6 4. d4 Nf6 5. g3 c6 6. Bg2 g6 7. Nge2 Bg7 8. O-O O-O 9. Bf4 Qb4 10. Rb1 Bg4 11. a3 Qb6 12. b4 Bxe2 13. Nxe2 Nd5 14. Bc1 Qb5 15. Rb3 Nd7 16. Re1 N7b6 17. Nf4 e6 18. Bf1 Qa4 19. c4 Nxf4 20. Bxf4 Rfd8 21. c5 Rxd4 22. Rd3 Qxd1 23. Rexd1 Rxd3 24. Rxd3 Nd5 25. Bd6 a5 26. Rb3 axb4 27. axb4 Ra1 28. Kg2 Bd4 29. Bc4 Rd1 30. b5 Kg7 31. bxc6 bxc6 32. Bxd5 exd5 33. Rb6 Rd2 34. Rxc6 Rxf2+ 35. Kh3 Rc2 36. Rc8 Be3 37. c6 Bg1 38. g4 Bb6 39. c7 d4 40. Rb8 Bxc7 41. Rc8 Rc3+ 42. Kg2 Bxd6 0-1

[Event "November 21 Late 2023"]
[Site "https://www.chess.com"]
[Date "2023.11.21"]
[Round "10"]
[White "topce"]
[Black "Gerbelli Neto, Eduardo"]
[Result "1-0"]
[Board "73"]
[TimeControl "180+1"]
[BlackFideId "2103281"]
[WhiteElo "2444"]
[BlackElo "2178"]
[BlackTeam "BRA"]
[WhiteClock "0:00:31"]
[BlackClock "0:00:02"]

1. c4 c5 2. Nc3 Nf6 3. g3 d5 4. cxd5 Nxd5 5. Bg2 Nc7 6. f4 Nc6 7. Nf3 g6 8. O-O Bg7 9. b3 O-O 10. Bb2 e5 11. Na4 e4 12. Ne5 f5 13. Nxc6 bxc6 14. Bxg7 Kxg7 15. Qc2 Ba6 16. Rfe1 Bxe2 17. Qc3+ Qd4+ 18. Qxd4+ cxd4 19. Rxe2 Nd5 20. Nc5 Rfe8 21. Ree1 Nb4 22. Rec1 Rad8 23. Rc4 a5 24. a3 Nd5 25. Rxd4 Rb8 26. Bf1 e3 27. dxe3 Nxe3 28. Re1 Nc2 29. Rd7+ Kf6 30. Rxe8 Rxe8 31. Bc4 Re7 32. Rd6+ Kg7 33. Rd7 Rxd7 34. Nxd7 Nxa3 35. Ne5 Nc2 36. Nxc6 1-0

[Event "November 21 Late 2023"]
[Site "https://www.chess.com"]
[Date "2023.11.21"]
[Round "10"]
[White "Curtis, John"]
[Black "Marcziter, Dmitrii"]
[Result "0-1"]
[Board "74"]
[TimeControl "180+1"]
[WhiteFideId "3200256"]
[BlackFideId "13900765"]
[WhiteElo "2203"]
[BlackElo "2142"]
[WhiteTeam "AUS"]
[BlackTeam "GER"]
[WhiteClock "0:00:13"]
[BlackClock "0:00:16"]

1. d4 Nf6 2. Nf3 g6 3. g3 Bg7 4. Bg2 O-O 5. O-O d5 6. Ne5 c5 7. dxc5 Qc7 8. Nd3 Na6 9. b4 Ne4 10. c3 Nxc3 11. Nxc3 Bxc3 12. Rb1 Rd8 13. Qb3 d4 14. Bd5 e6 15. Bc4 Bd7 16. Bb2 Bxb2 17. Qxb2 e5 18. Qb3 Be8 19. Rbc1 Nb8 20. b5 Nd7 21. f4 e4 22. c6 Nb6 23. Ne5 Nxc4 24. Qxc4 bxc6 25. Nxc6 Rd6 26. Nxd4 Qb6 27. e3 Rad8 28. Qc5 Qa5 29. f5 Qd2 30. Qc3 Qxa2 31. fxg6 hxg6 32. Rf2 Qd5 33. h4 Bxb5 34. Qa5 a6 35. Kg2 Bf1+ 36. Rcxf1 Qxa5 37. Rxf7 R6d7 38. R7f6 Qh5 39. Ne6 Rd2+ 40. Kh3 Re8 41. Rf8+ Rxf8 42. Rxf8+ Kh7 43. Rf7+ Kh6 44. Nf8 Qf5+ 45. Rxf5 gxf5 46. g4 fxg4+ 47. Kxg4 a5 48. Kf4 a4 49. Kxe4 a3 50. Ne6 a2 51. Nd4 a1=Q 52. Nf5+ Kh7 53. Nd4 Qb1+ 54. Kd5 Qh1+ 55. e4 Qxh4 56. Ke5 Qg3+ 57. Kd5 Qe3 58. Ke6 Rxd4 59. e5 Re4 60. Kf6 Rxe5 61. Kf7 Qf4# 0-1

[Event "November 21 Late 2023"]
[Site "https://www.chess.com"]
[Date "2023.11.21"]
[Round "10"]
[White "Bochnicka, Vladimir"]
[Black "DraningWaterHi"]
[Result "1-0"]
[Board "75"]
[TimeControl "180+1"]
[WhiteFideId "14943450"]
[WhiteElo "2170"]
[BlackElo "2161"]
[WhiteTeam "SVK"]
[WhiteClock "0:01:52"]
[BlackClock "0:02:02"]

1. e4 e5 2. Nf3 Nc6 3. Bc4 Nf6 4. d3 Bc5 5. Nc3 d6 6. Na4 Bg4 7. h3 Bh5 8. Nxc5 dxc5 9. c3 O-O 10. O-O a6 11. a4 Na5 12. Ba2 c4 13. dxc4 Nxe4 14. Qxd8 Raxd8 15. Nxe5 c5 16. Be3 f5 17. f3 Ng3 18. Rfd1 f4 19. Bxc5 Rfe8 20. Rxd8 Rxd8 21. Bb6 Rd2 22. Bxa5 Ne2+ 23. Kh2 Ng3 24. c5+ Kf8 25. Bb4 Re2 26. c6+ Ke8 27. c7 1-0

[Event "November 21 Late 2023"]
[Site "https://www.chess.com"]
[Date "2023.11.21"]
[Round "10"]
[White "Vemparala, Nikash"]
[Black "Martins, Vinicius Tine"]
[Result "0-1"]
[Board "76"]
[TimeControl "180+1"]
[WhiteFideId "30960967"]
[BlackFideId "2112884"]
[WhiteElo "2069"]
[BlackElo "2373"]
[WhiteTeam "USA"]
[BlackTeam "BRA"]
[WhiteClock "0:00:00"]
[BlackClock "0:00:22"]

1. e4 d6 2. d4 Nf6 3. Nc3 g6 4. f3 Bg7 5. Be3 O-O 6. Qd2 Nbd7 7. O-O-O e5 8. h4 exd4 9. Bxd4 Ne5 10. g4 Nc6 11. Be3 Be6 12. h5 Re8 13. hxg6 hxg6 14. Bh6 Bh8 15. Nh3 Nh7 16. Nf4 Qf6 17. Qh2 g5 18. Nh5 Qxh6 19. Nf6+ Qxf6 20. Qxh7+ Kf8 21. Qxh8+ Qxh8 22. Rxh8+ Kg7 23. Rh5 f6 24. Nb5 Rac8 25. Be2 a6 26. Nc3 Rh8 27. Rdh1 Rxh5 28. Rxh5 Ne5 29. b3 Ng6 30. Kd2 Nh4 31. Bc4 Nxf3+ 32. Ke3 Bxg4 33. Rh1 Ne5 34. Bd5 c6 35. Bc4 Rh8 36. Rxh8 Kxh8 37. Ne2 Bxe2 38. Bxe2 Kg7 39. c4 Kg6 40. Kf2 Kf7 41. Kg3 Ke7 42. Bh5 Ke6 43. Be2 Nd7 44. Bg4+ Ke7 45. Be2 a5 46. Kg4 Ke6 47. Kg3 Ke5 48. Kf3 Nc5 49. Ke3 Nxe4 50. Bf3 f5 0-1

[Event "November 21 Late 2023"]
[Site "https://www.chess.com"]
[Date "2023.11.21"]
[Round "10"]
[White "Kostiukov, Alexandr"]
[Black "Dias, Joao Batista"]
[Result "1-0"]
[Board "77"]
[TimeControl "180+1"]
[WhiteFideId "14108100"]
[BlackFideId "2108240"]
[WhiteElo "2144"]
[BlackElo "1907"]
[WhiteTeam "UKR"]
[BlackTeam "BRA"]
[WhiteClock "0:01:29"]
[BlackClock "0:02:08"]

1. g3 d5 2. Bg2 c6 3. d3 e5 4. e4 d4 5. f4 Bd6 6. Nf3 Nd7 7. O-O Qe7 8. a4 f6 9. Na3 Nh6 10. fxe5 Bxe5 11. Bxh6 gxh6 12. Nc4 O-O 13. Nfxe5 fxe5 14. Qh5 Qg5 15. Rxf8+ Kxf8 16. Rf1+ Kg8 17. Qe8+ Kg7 18. Rf7+ Kg6 19. Qg8+ Kh5 20. Bf3+ 1-0

[Event "November 21 Late 2023"]
[Site "https://www.chess.com"]
[Date "2023.11.21"]
[Round "10"]
[White "Padalka, Artem"]
[Black "Saim, Mohamed Ilias"]
[Result "1-0"]
[Board "78"]
[TimeControl "180+1"]
[WhiteFideId "14118637"]
[BlackFideId "7900465"]
[WhiteElo "2056"]
[BlackElo "2063"]
[WhiteTeam "POL"]
[BlackTeam "ALG"]
[WhiteClock "0:01:26"]
[BlackClock "0:00:00"]

1. d4 Nf6 2. c4 e6 3. Nc3 Bb4 4. e3 b6 5. Nf3 Bb7 6. Be2 Ne4 7. Qc2 f5 8. Bd2 Bxc3 9. Bxc3 O-O 10. Rd1 d6 11. O-O Nd7 12. Nd2 Ndf6 13. f3 Nxc3 14. Qxc3 Qe8 15. c5 Nd5 16. Qb3 Qg6 17. Nc4 Qh6 18. cxd6 cxd6 19. Nxd6 Rab8 20. Nxb7 Rxb7 21. f4 Rc7 22. Bf3 Rd8 23. Rc1 Rcd7 24. Rc6 Rd6 25. Rxd6 Rxd6 26. Rc1 Nf6 27. Rc8+ Kf7 28. Qb4 1-0

[Event "November 21 Late 2023"]
[Site "https://www.chess.com"]
[Date "2023.11.21"]
[Round "10"]
[White "hristos03"]
[Black "Herman, Matthew"]
[Result "1-0"]
[Board "79"]
[TimeControl "180+1"]
[BlackFideId "2028964"]
[WhiteElo "2380"]
[BlackElo "2368"]
[BlackTeam "USA"]
[WhiteClock "0:00:05"]
[BlackClock "0:00:00"]

1. e4 e5 2. Nf3 Nc6 3. Bb5 a6 4. Ba4 Nf6 5. O-O Be7 6. Re1 b5 7. Bb3 O-O 8. a4 b4 9. a5 d6 10. d3 h6 11. h3 Be6 12. Nbd2 Qd7 13. Bxe6 fxe6 14. Nc4 Rf7 15. c3 bxc3 16. bxc3 Raf8 17. d4 exd4 18. cxd4 Nd8 19. Rb1 Qc6 20. Qd3 Qa8 21. Bd2 Nxe4 22. Qxe4 Qxe4 23. Rxe4 d5 24. Re2 dxc4 25. Ne5 Rf5 26. g4 Rxe5 27. Rxe5 Bf6 28. Re4 Nc6 29. Bc3 Kf7 30. Rb7 Rc8 31. Kg2 Ne7 32. Ra7 Nd5 33. Be1 c3 34. Rxa6 c2 35. Rc6 Bg5 36. Rxc2 Nf4+ 37. Kh2 Rb8 38. Bd2 Nd5 39. Bxg5 hxg5 40. Ree2 Rb4 41. a6 Rxd4 42. Ra2 Rd3 43. a7 Nf4 44. f3 Rxf3 45. a8=Q Rxh3+ 46. Kg1 Rg3+ 47. Kf2 Rxg4 48. Ra7 Kg6 49. Rxc7 Rh4 50. Qe4+ Kf6 51. Rc8 Rh2+ 52. Kg3 Rh3+ 53. Kf2 Rh2+ 54. Ke1 Rh3 55. Qe5+ Kg6 56. Qe4+ Kh5 57. Rh8+ Kg4 58. Rxh3 Kxh3 59. Re3+ Kg4 60. Qf3+ Kf5 61. Re4 e5 62. Rxf4+ exf4 63. Kf2 g4 64. Qd5+ Kg6 65. Qe6+ Kg5 66. Qe7+ Kf5 67. Kg2 g6 68. Qd6 g5 69. Qd5+ Kg6 70. Qe6+ Kh5 71. Qf6 g3 72. Kf3 g4+ 73. Kxf4 1-0

[Event "November 21 Late 2023"]
[Site "https://www.chess.com"]
[Date "2023.11.21"]
[Round "10"]
[White "Romero Ruscalleda, Josep"]
[Black "Omariev, Maksim"]
[Result "1-0"]
[Board "80"]
[TimeControl "180+1"]
[WhiteFideId "2231859"]
[BlackFideId "4193423"]
[WhiteElo "2183"]
[BlackElo "2498"]
[WhiteTeam "ESP"]
[BlackTeam "RUS"]
[WhiteClock "0:00:38"]
[BlackClock "0:00:00"]

1. e4 c5 2. c3 Nf6 3. e5 Nd5 4. Nf3 d6 5. Bc4 e6 6. d4 cxd4 7. cxd4 Nc6 8. O-O Be7 9. Bd2 O-O 10. Qe2 a6 11. Nc3 Nxc3 12. Bxc3 b5 13. Bd3 Bb7 14. Rac1 Rc8 15. Qe4 g6 16. Qf4 Nb8 17. Rfd1 Bd5 18. Bb1 Nc6 19. g3 b4 20. Bd2 Bxf3 21. Qxf3 Nxd4 22. Qe4 dxe5 23. Bh6 Rxc1 24. Rxc1 Re8 25. Kg2 Qd5 26. Rc7 a5 27. f3 a4 28. Bd3 Bd6 29. Rd7 Qxe4 30. Bxe4 Bc5 31. Rc7 Bd6 32. Ra7 a3 33. bxa3 bxa3 34. Rd7 Bb4 35. f4 f5 36. Bd3 Nc6 37. Bb5 Nd4 38. Rxd4 exd4 39. Bxe8 Bc3 40. Kf3 d3 41. Ke3 d2 42. Ke2 1-0

[Event "November 21 Late 2023"]
[Site "https://www.chess.com"]
[Date "2023.11.21"]
[Round "10"]
[White "SergioMoralesG"]
[Black "Seletsky, Grigory"]
[Result "0-1"]
[Board "81"]
[TimeControl "180+1"]
[BlackFideId "14112191"]
[WhiteElo "2350"]
[BlackElo "2482"]
[BlackTeam "UKR"]
[WhiteClock "0:00:00"]
[BlackClock "0:01:16"]

1. d4 f5 2. c4 Nf6 3. Nf3 e6 4. g3 c6 5. Bg2 d5 6. b3 Bd6 7. O-O Qe7 8. a4 O-O 9. Ba3 a5 10. Bxd6 Qxd6 11. Qc2 Ne4 12. Ne5 Na6 13. Nd2 Nb4 14. Qb2 b6 15. f3 Nxd2 16. Qxd2 c5 17. cxd5 cxd4 18. Nc4 Qc5 19. d6 Ba6 20. Rac1 Bxc4 21. Rxc4 Qxd6 22. Qxd4 Rad8 23. Qxd6 Rxd6 24. Rfc1 Rfd8 25. Rc8 Rxc8 26. Rxc8+ Kf7 27. Kf2 h5 28. h4 g6 29. Ke3 Na6 30. Rc3 Nc5 31. Kf2 Kf6 32. Ke1 e5 33. Bf1 f4 34. Kf2 g5 35. Bh3 Rd4 36. hxg5+ Kxg5 37. Bc8 Rb4 38. gxf4+ exf4 39. Rc1 Nxb3 40. Rg1+ Kf6 41. Bd7 Nc5 42. Bb5 Nxa4 43. Bc6 Nc3 0-1

[Event "November 21 Late 2023"]
[Site "https://www.chess.com"]
[Date "2023.11.21"]
[Round "10"]
[White "Pace, Christopher"]
[Black "Maect19"]
[Result "1-0"]
[Board "82"]
[TimeControl "180+1"]
[WhiteFideId "2610167"]
[WhiteElo "2419"]
[BlackElo "2345"]
[WhiteTeam "CAN"]
[WhiteClock "0:01:39"]
[BlackClock "0:00:39"]

1. e4 e5 2. Nf3 Nc6 3. Bb5 Nge7 4. O-O g6 5. c3 Bg7 6. d4 exd4 7. cxd4 O-O 8. d5 Ne5 9. Nxe5 Bxe5 10. Nd2 a6 11. Bd3 d6 12. Nc4 Bg7 13. a4 Bd7 14. Re1 b5 15. axb5 axb5 16. Rxa8 Qxa8 17. Na3 b4 18. Nc4 Qa1 19. Bg5 Qxd1 20. Rxd1 Re8 21. Ra1 f5 22. f3 fxe4 23. fxe4 Nc8 24. Ra8 h6 25. Bd2 b3 26. Ra3 Bd4+ 27. Kh1 Rf8 28. Bxh6 Rf2 29. h3 Bxb2 30. Rxb3 Bd4 31. Rb7 Bb6 32. Nxb6 Nxb6 33. Rxc7 Kh7 34. Be3 Rb2 35. Bxb6 1-0

[Event "November 21 Late 2023"]
[Site "https://www.chess.com"]
[Date "2023.11.21"]
[Round "10"]
[White "Jarocka, Liwia"]
[Black "Van Osch, Mees"]
[Result "0-1"]
[Board "83"]
[TimeControl "180+1"]
[WhiteFideId "21807558"]
[BlackFideId "1035967"]
[WhiteElo "2001"]
[BlackElo "2324"]
[WhiteTeam "POL"]
[BlackTeam "NED"]
[WhiteClock "0:00:36"]
[BlackClock "0:00:52"]

1. e4 c6 2. d4 d5 3. Nc3 dxe4 4. Nxe4 Nf6 5. Nxf6+ exf6 6. c3 Bd6 7. Bd3 O-O 8. Qc2 h5 9. Ne2 Nd7 10. O-O Re8 11. h3 Nb6 12. Bd2 a5 13. Rae1 a4 14. f4 Be6 15. c4 c5 16. d5 Bd7 17. f5 Qc7 18. Rd1 Re7 19. Nf4 h4 20. Bc1 Rae8 21. Qf2 Re5 22. Qxh4 Bxf5 23. Kh1 g5 24. Qh5 Bxd3 25. Nxd3 Nxc4 26. Rxf6 Qe7 27. Bxg5 Qxf6 28. Nxe5 Qxe5 0-1

[Event "November 21 Late 2023"]
[Site "https://www.chess.com"]
[Date "2023.11.21"]
[Round "10"]
[White "Butti, Enrique"]
[Black "Su, Dion"]
[Result "1-0"]
[Board "84"]
[TimeControl "180+1"]
[WhiteFideId "3700470"]
[BlackFideId "2029731"]
[WhiteElo "2080"]
[BlackElo "2385"]
[WhiteTeam "PAR"]
[BlackTeam "USA"]
[WhiteClock "0:01:15"]
[BlackClock "0:01:39"]

1. Nf3 Nf6 2. c4 e6 3. d4 d5 4. e3 Be7 5. Nc3 O-O 6. b3 c6 7. Bb2 a5 8. Bd3 b6 9. O-O Nbd7 10. Qe2 Bb7 11. Rad1 h6 12. Ne5 Nxe5 13. dxe5 Nd7 14. f4 f6 15. cxd5 cxd5 16. Nb5 f5 17. g4 Nc5 18. gxf5 Nxd3 19. Qxd3 Rxf5 20. Nd4 Rh5 21. Qg6 Rh4 22. Nxe6 Qf8 23. Nxf8 Bxf8 24. f5 Bc5 25. Bd4 h5 26. h3 Rf8 27. f6 Rf7 28. e6 1-0

[Event "November 21 Late 2023"]
[Site "https://www.chess.com"]
[Date "2023.11.21"]
[Round "10"]
[White "Rosen, Eric"]
[Black "Rose, Felix"]
[Result "1-0"]
[Board "85"]
[TimeControl "180+1"]
[WhiteFideId "2032562"]
[BlackFideId "5105722"]
[WhiteElo "2346"]
[BlackElo "2039"]
[WhiteTeam "USA"]
[BlackTeam "MEX"]
[WhiteClock "0:00:19"]
[BlackClock "0:00:00"]

1. e4 e5 2. Nf3 Nc6 3. c3 Nf6 4. d4 Nxe4 5. d5 Bc5 6. dxc6 Bxf2+ 7. Ke2 Bb6 8. Qd5 Nf2 9. Rg1 O-O 10. cxb7 Bxb7 11. Qxb7 e4 12. Nd4 c5 13. Nf5 Nd3 14. Be3 c4 15. Nd2 Bxe3 16. Nxe3 Qh4 17. g3 Qxh2+ 18. Bg2 Qxg3 19. Raf1 Nf4+ 20. Rxf4 Qxf4 21. Qxe4 Qg5 22. Bf3 Qxg1 23. Qxa8 Rxa8 24. Bxa8 Qh2+ 25. Bg2 h5 26. Ndxc4 h4 27. Kd3 h3 28. Bd5 Qg1 29. Ne5 h2 30. Nxf7 h1=Q 31. Ne5+ Qxd5+ 32. Nxd5 Qb1+ 33. Kd4 Qxb2 34. Nxd7 Qxa2 35. c4 Qb2+ 36. Kc5 a5 37. N7b6 1-0